 Dungeon Crawl Stone Soup version 0.21.1-1-g345015f (webtiles) character file.

79 shakethe the Chopper (level 4, -2/33 HPs)
             Began as a Formicid Warper on Feb 7, 2018.
             Slain by an adder (3 damage)
             ... on level 2 of the Dungeon.
             The game lasted 00:03:26 (1194 turns).

shakethe the Chopper (Formicid Warper)              Turns: 1194, Time: 00:03:27

Health: -2/33      AC:  3    Str: 15    XL:     4   Next: 64%
Magic:  2/8        EV: 12    Int: 13    God:
Gold:   32         SH:  0    Dex: 11    Spells: 6/8 levels left

rFire    . . .     SeeInvis +   a - +0 hand axe
rCold    . . .     Gourm    .   (no shield)
rNeg     . . .     Faith    .   b - +0 leather armour
rPois    .         Spirit   .   (helmet unavailable)
rElec    .         Reflect  .   (no cloak)
rCorr    .         Harm     .   (no gloves)
MR       .....                  (no boots)
Stlth    +.........             (no amulet)
HPRegen  0.11/turn              (no ring)
MPRegen  0.11/turn              (no ring)

@: shrouded (expiring), very slightly contaminated, drained
A: permanent stasis, dig shafts and tunnels, four strong arms, antennae 3
a: Dig, Shaft Self


You were on level 2 of the Dungeon.
You were not hungry.

You visited 1 branch of the dungeon, and saw 2 of its levels.

You collected 32 gold pieces.

Inventory:

Hand Weapons
 a - a +0 hand axe (weapon)
Missiles
 e - 5 tomahawks of dispersal (quivered)
Armour
 b - a +0 leather armour (worn)
Scrolls
 d - a scroll of blinking
 g - 2 scrolls of identify {unknown}
 h - 3 scrolls of immolation {unknown}
 m - a scroll of remove curse {unknown}
Potions
 i - a potion of agility {unknown}
 j - 2 potions of resistance {unknown}
 k - a potion of might {unknown}
 l - a potion of mutation {unknown}
Books
 c - a book of Spatial Translocations

   Spells                             Type                      Level
   a - Blink                          Translocation                2
   b - Shroud of Golubria             Charms/Translocation         2
   c - Lesser Beckoning               Translocation                3
   d - Gell's Gravitas                Translocation                3
   e - Teleport Other                 Translocation                3
   f - Passage of Golubria            Translocation                4
Comestibles
 f - a ration


   Skills:
 - Level 2.1(1.7) Fighting
 * Level 3.3(2.8) Axes
 - Level 1.0(0.5) Throwing
 - Level 1.1(0.6) Armour
 + Level 2.4(1.9) Dodging
 + Level 2.8(2.4) Spellcasting
 + Level 3.0(2.5) Translocations


You had 6 spell levels left.
You knew the following spells:

 Your Spells              Type           Power        Failure   Level  Hunger
a - Shroud of Golubria    Chrm/Tloc      #.........   26%         2    ###....


Dungeon Overview and Level Annotations

Branches:
Dungeon (2/15)

Altars:
Elyvilon


Innate Abilities, Weirdness & Mutations

You cannot be hasted, slowed, berserked, paralysed or teleported.
You can dig through walls and to a lower floor.
Your four strong arms can wield two-handed weapons with a shield.
You have a pair of large antennae on your head. (SInv)


Message History

The bat barely misses you. The adder barely misses you.
You hit the adder.
The adder is moderately wounded.
Your shroud begins to fray at the edges.
The bat hits you but does no damage. The adder bites you.
* * * LOW HITPOINT WARNING * * *
The bat misses you.
Your shroud bends the adder's attack away.
You miss the adder.
The adder is moderately wounded.
You hit the bat.
You kill the bat!
Your shroud bends the adder's attack away.
You hit the adder.
The adder is severely wounded.
Your shroud bends the adder's attack away.
You hit the adder but do no damage.
The adder is severely wounded.
The adder misses you. The adder bites you.
You die...

#####
#######...########
......).S........#
####.##.†@######[#
##### #.# #.#
#####.## {{
.......#.##### {{
.............#
##.###..####.# #.#
#..####.#
.###'###.......#


You could see an adder.

Vanquished Creatures
  An adder (D:2)
  2 oozes (D:1)
  4 worms (D:2)
  A dart slug (D:1)
  2 leopard geckos
  2 ball pythons (D:1)
  2 giant cockroaches (D:1)
  4 goblins
  4 hobgoblins
  8 kobolds
  A quokka (D:2)
  5 bats
  3 frilled lizards (D:1)
  7 rats
46 creatures vanquished.

Notes
Turn   | Place    | Note
-------+----------+-------------------------------------------
     0 | D:1      | shakethe the Formicid Warper began the quest for the Orb.
     0 | D:1      | Reached XP level 1. HP: 16/16 MP: 3/3
    79 | D:1      | Reached XP level 2. HP: 22/22 MP: 5/5
   174 | D:1      | Reached XP level 3. HP: 18/27 MP: 6/6
   178 | D:1      | Learned a level 2 spell: Shroud of Golubria
   589 | D:2      | Reached XP level 4. HP: 27/33 MP: 6/8
  1106 | D:2      | Found a white marble altar of Elyvilon.
  1178 | D:2      | HP: 1/33 [worm (10)]
  1186 | D:2      | HP: 1/33 [adder (1)]
  1191 | D:2      | HP: 1/33 [adder (1)]
  1194 | D:2      | Slain by an adder

Skill      XL: |  1  2  3  4 |
---------------+-------------+-----
Dodging        | 2 |  2.4
Axes           | 3 |  3.3
Translocations | 3 |  3.0
Fighting       | |  2.1
Throwing       | |  1.0
Armour         | |  1.1
Spellcasting   | |  2.8

Action                   |  1- 3 |  4- 6 || total
-------------------------+-------+-------++-------
Melee: Hand axe          |    89 |    90 ||   179
 Cast: Shroud of Golubri |       |     7 ||     7
  Eat: Ration            |       |     1 ||     1
Armor: Leather armour    |    32 |    14 ||    46
Dodge: Dodged            |    66 |    52 ||   118
